 Dungeon Crawl Stone Soup version 0.26-a0-639-g72c4674329 (webtiles) character file.

Game seed: 6911015095409795576

287668 Borgoz the Tortoise (level 20, -5/95 HPs)
             Began as a Gargoyle Berserker on Sept 19, 2020.
             Was a High Priest of Trog.
             Slain by a tentacle (7 damage)
             ... attached to a kraken
             ... on level 2 of the Abyss on Sept 20, 2020.
             The game lasted 01:32:28 (41111 turns).

Borgoz the Tortoise (Gargoyle Berserker)           Turns: 41111, Time: 01:32:29

Health: -5/95      AC: 40    Str: 21 (22) XL:     20   Next: 67%
Magic:  10/10      EV: 21    Int: 10 (12) God:    Trog [*****.]
Gold:   2932       SH: 12    Dex: 17 (18) Spells: 19/19 levels left

rFire    + + .     SeeInvis +   a - +11 mace of Buoq {antimagic, Int+4 Dex+4}
rCold    + . .     Faith    .   v - +0 buckler {reflect}
rNeg     + + +     Spirit   .   l - +2 scale mail of the Iron Devil {rF+ rCorr Dex+4}
rPois    ∞         Reflect  +   w - +1 helmet {SInv}
rElec    +         Harm     .   p - +1 cloak of Squeaky Freedom {*Drain rPois rF+ rN++}
rCorr    +         Rampage  .   h - +2 pair of gloves "Gaunol" {*Drain rC+ MP+9 Slay+3}
MR       +++..     Rnd*Rage +   S - +1 pair of boots {run} Stlth +++++.....Rnd*Tele +
                                K - amulet of reflection
HPRegen  1.25/turn              m - +4 ring of slaying
MPRegen  0.12/turn              n - ring of the Princess {MP+9 Str+5}

@: berserk cooldown, flying, regenerating, slowed, very slow
A: big wings, [berserk 2], [blurry vision 1], [clumsy 2], [deterioration 2],
dopey 1[+1], [frail 3], [low mp 3], negative energy resistance 1, [screaming 2],
electricity resistance, teleportitis 1[+2], [weak 2], unbreathing, petrification
resistance, rot immunity, [subdued magic 1], AC +15
}: 2/15 runes: decaying, serpentine
a: Stop Flying, Berserk, Trog's Hand, Brothers in Arms, Renounce Religion


You were on level 2 of the Abyss.
You worshipped Trog.
Trog was extremely pleased with you.
You visited 6 branches of the dungeon, and saw 34 of its levels.
You visited the Abyss 2 times.
You also visited: Gauntlet and Ice Cave.

You collected 8290 gold pieces.
You spent 5358 gold pieces at shops.

Inventory:

Hand Weapons
 a - the +11 mace of Buoq (weapon) {antimagic, Int+4 Dex+4}
   (Trog gifted it to you on level 3 of the Abyss)

   It reduces the magical energy of the wielder, and disrupts the spells and
   magical abilities of those hit.
   Natural abilities and divine invocations are not affected.
   It affects your intelligence (+4).
   It affects your dexterity (+4).
 s - the +7 great mace of Tomorrow {vorpal, *Rage rC+ Dex+3}
   (You bought it in a shop on level 1 of the Orcish Mines)

   It inflicts extra damage upon your enemies.
   It affects your dexterity (+3).
   It protects you from cold.
   It may make you go berserk in combat.
Missiles
 P - 6 throwing nets (quivered)
Armour
 h - the +2 pair of gloves "Gaunol" (worn) {*Drain rC+ MP+9 Slay+3}
   (You found it in an ice cave)

   It affects your accuracy and damage with ranged weapons and melee attacks
   (+3).
   It protects you from cold.
   It affects your magic capacity (+9).
   It causes draining when unequipped.
 l - the +2 scale mail of the Iron Devil (worn) {rF+ rCorr Dex+4}
   (You bought it in a shop on level 1 of the Orcish Mines)

   It affects your dexterity (+4).
   It protects you from fire.
   It provides partial protection from all sources of acid and corrosion.
 p - the +1 cloak of Squeaky Freedom (worn) {*Drain rPois rF+ rN++}
   (You acquired it on level 4 of the Swamp)

   It protects you from fire.
   It protects you from poison.
   It greatly protects you from negative energy.
   It causes draining when unequipped.
 t - the +7 plate armour of Bad Feelings {*Slow Str+6}
   (You bought it in a shop on level 2 of the Orcish Mines)

   It affects your strength (+6).
   It may slow you when you take damage.
 v - a +0 buckler of reflection (worn)
 w - a +1 helmet of see invisible (worn)
 S - a +1 pair of boots of running (worn)
Jewellery
 m - a +4 ring of slaying (left hand)
 n - the ring of the Princess (right hand) {MP+9 Str+5}
   (You found it in a Gauntlet)

   [ring of magical power]

   It affects your strength (+5).
   It affects your magic capacity (+9).
 K - an amulet of reflection (around neck)
 N - an uncursed ring of protection from magic
Wands
 e - a wand of iceblast (6)
 i - a wand of flame (48)
 D - a wand of paralysis (4)
 F - a wand of disintegration (21)
 I - a wand of polymorph (29)
 M - a wand of acid (5)
 O - a wand of digging (2)
Scrolls
 b - 3 scrolls of summoning
 g - 3 scrolls of fog
 k - 14 scrolls of teleportation
 q - 2 scrolls of magic mapping
 u - 2 scrolls of silence
 x - 6 scrolls of blinking
 y - 5 scrolls of identify
 A - 7 scrolls of remove curse
 G - 5 scrolls of fear
 H - a scroll of brand weapon
 R - a scroll of holy word
Potions
 c - 3 potions of cancellation
 d - a potion of mutation
 f - a potion of invisibility
 j - 6 potions of resistance
 o - a potion of berserk rage
 r - 10 potions of heal wounds
 z - 6 potions of curing
 B - 5 potions of haste
 C - 2 potions of ambrosia
 E - 6 potions of stabbing
 L - 9 potions of might


   Skills:
 * Level 17.8 Fighting
 * Level 17.8 Maces & Flails
 + Level 18.5 Armour
 * Level 15.3 Dodging
 - Level 14.9 Stealth
 + Level 9.0 Shields
 - Level 5.0 Evocations


You had 19 spell levels left.
You didn't know any spells.
Your spell library was empty.

Dungeon Overview and Level Annotations

Branches:
Dungeon (15/15)            Temple (0/1) D:4            Lair (6/6) D:10
  Swamp (4/4) Lair:3        Snake (4/4) Lair:2        Slime (0/5) Lair:5
    Orc (2/2) D:11            Elf (3/3) Orc:2        Vaults (0/5) D:14
 Depths (0/5) D:15          IceCv (visited)         Gauntlet (visited)

Altars:
Ashenzari
Dithmenos
Elyvilon
Sif Muna
Uskayaw
Vehumet
Wu Jian
Xom
The Shining One

Shops:
D:8 (   D:9 }:([   D:13 }   Orc:1 *   Orc:2 [!*(*   Elf:1 **   Snake:1 [}*
Snake:4 :

Portals:
Trove: Elf:1 (give 14 potions of heal wounds)


Innate Abilities, Weirdness & Mutations

You are resistant to torment.
Your stone body is resilient. (AC +15)
You are immune to poison.
Your large and strong wings let you fly indefinitely.
You resist negative energy. (rN+)
You are resistant to electric shocks. (rElec)
You can survive without breathing.
You are immune to petrification.
You are immune to rotting.
[You often lose your temper in combat.]
[Scrolls take you a little longer to read.]
[You are very clumsy. (Dex -4)]
[Your body often deteriorates upon taking damage.]
[You are very dopey. (Int -4)]
[You are extremely frail. (-30% HP)]
[Your magical capacity is extremely low. (-30% MP)]
[You sometimes yell uncontrollably at your foes.]
[You are often teleported next to monsters.]
[You are very weak. (Str -4)]
[Your spells are a little easier to cast, but a little less powerful.]


Message History

The tentacle slaps you but does no damage.
A tentacle segment comes into view.
You hit the kraken but do no damage.
The kraken is almost dead.
You block the tentacle's attack. x3; The tentacle misses you.
The kraken squirts a massive cloud of ink into the water!
The wretched star pulses with an eldritch light!
You feel even more weirdly uncertain. x2
The tentacle completely misses you. The tentacle closely misses you.
The tentacle barely misses you.
The tentacle slaps you but does no damage.
The kraken squirts a massive cloud of ink into the water!
A tentacle segment comes into view.
You hit the kraken.
The kraken is almost dead.
You block the tentacle's attack. The tentacle barely misses you.
The tentacle slaps you.
* * * LOW HITPOINT WARNING * * *
The tentacle slaps you!
You die...

# ..#..# # # ## .
##..# #.#.# #.##. .
# .#.#..#.#.#..# #
..#
.##..≈≈≈≈.≈...#.X
### .≈≈..≈§.≈...##
.# #.#.≈
§§§§§≈§§≈.##
..#..≈§§§§§§§.§.#..
#.#
...≈..§§w§w≈≈§#.. #
#.. .§§§│@*≈Z≈## ##
.#...§§wXw≈≈..#. #
#.§§§§§§§§≈≈###
..#. .≈§§§§ ≈§§..#
..§#...≈§§.§.§..# .
#...≈≈≈≈..≈..#.. #.
## ..#..## ## ##.
..... ...§ . .#.
##..


You could see a kraken, a wretched star, 4 tentacles and a cane toad zombie.

Vanquished Creatures
  Nikola (Swamp:1)
  Jorgrun (Snake:3)
  A lich (Abyss:3)
  A tentacled starspawn (Abyss:3)
  Kirke (Swamp:1)
  A thorn hunter (Swamp:4)
  9 nagarajas (Snake:4)
  Roxanne (Elf:2)
  A deep elf sorcerer (Elf:2)
  Aizul (Snake:2)
  A deep elf elementalist (Elf:2)
  A reaper (IceCv)
  The ghost of Wecsuid the Fighter, a journeyman MiFi of Ru (Lair:6)
  The ghost of Wecsuid the Fighter, a journeyman MiFi of Ru (Lair:6)
  A stone giant (D:11)
  A ghoul (Swamp:3)
  4 very ugly things
  The ghost of Peppyet the Brawler, a journeyman GrBe of Trog (Lair:6)
  The ghost of Ynufiagy the Executioner, a journeyman MiBe of Trog (Lair:6)
  A black draconian (Abyss:3)
  A dire elephant (D:15)
  3 minotaurs
  Snorg (D:11)
  A ghost crab (Swamp:2)
  A catoblepas (D:15)
  2 ice dragons
  14 naga warriors
  3 vault guards (D:14)
  2 centaur warriors
  Harold (D:9)
  8 anacondas
  4 shambling mangroves
  27 hydras
  A death knight (D:15)
  8 alligators
  4 two-headed ogres
  24 dancing weapons
  4 death yaks (D:12)
  Erica (D:9)
  2 thrashing horrors (Abyss:3)
  7 deep elf knights
  7 shock serpents
  11 naga sharpshooters
  An orc high priest (Orc:2)
  Urug (D:13)
  A soul eater (Gauntlet)
  6 skeletal warriors (D:15)
  Nergalle (D:11)
  2 wretched stars (Abyss:3)
  2 salamander mystics (Snake:2)
  An unseen horror (D:10)
  A flayed ghost (D:15)
  A spatial maelstrom (Abyss:3)
  2 spriggan druids (Swamp:4)
  12 swamp dragons
  8 sea snakes
  2 lindwurms (Lair:6)
  A death drake (Gauntlet)
  4 naga ritualists
  2 deep elf archers
  5 mana vipers
  An orange crystal statue (D:11)
  6 orc knights
  Pikel (D:7)
  2 orc sorcerers
  13 ugly things
  53 deep elf magi
  A moth of wrath (shapeshifter) (Abyss:3)
  3 oklob plants
  4 cyclopes
  2 manticores
  11 salamanders
  A spectral centaur (Gauntlet)
  7 guardian serpents
  36 black mambas
  An elephant (D:9)
  17 naga magi
  An apocalypse crab (Abyss:3)
  2 ice statues (IceCv)
  5 smoke demons (Abyss:3)
  Maurice (D:9)
  24 cane toads
  5 torpor snails (Lair:6)
  3 gargoyles
  2 freezing wraiths
  2 minotaur zombies (Gauntlet)
  9 yaktaurs (D:12)
  3 rime drakes
  An efreet (D:15)
  2 kobold demonologists
  3 komodo dragons (Lair:3)
  2 ancient zymes (Abyss:3)
  12 ice devils
  5 trolls
  20 hornets
  A harpy zombie (Gauntlet)
  14 tyrant leeches
  6 raiju
  Prince Ribbit (D:7)
  11 blink frogs
  11 bog bodies
  14 polar bears
  4 dream sheep (Lair:6)
  29 slime creatures
  A meliai zombie (Gauntlet)
  15 hippogriffs
  Sigmund (D:2)
  3 shadows
  4 spriggans
  7 water elementals
  3 wraiths
  A vampire (D:15)
  A fire elemental (Elf:2)
  4 wyverns
  7 hogs (Swamp:1)
  4 basilisks
  58 yaks
  2 neqoxecs (Abyss:3)
  A small abomination (Abyss:3)
  12 vampire mosquitoes
  2 chaos spawn (Abyss:3)
  6 fire bats (Lair:1)
  A warg (shapeshifter) (D:13)
  Grum (D:11)
  58 nagas
  17 swamp worms
  10 insubstantial wisps
  16 wargs
  An acid dragon (D:14)
  25 water moccasins
  12 hell hounds (Lair:6)
  4 ice beasts
  50 orc warriors
  7 porcupines
  17 swamp drakes
  14 black bears
  9 large abominations
  3 sky beasts
  A hornet zombie (D:13)
  22 starcursed masses (Abyss:3)
  2 eyes of draining
  5 necrophages
  12 ogres
  29 wolves
  17 crocodiles
  24 centaurs
  4 lemures (D:7)
  21 bullfrogs
  A big kobold (D:11)
  A gnoll sergeant (D:9)
  An earth elemental (Elf:1)
  A wyvern zombie (D:15)
  2 wyvern skeletons
  6 scorpions
  5 killer bees (D:12)
  20 wights
  A howler monkey (D:6)
  An electric eel (Lair:3)
  3 lava snakes (Lair:1)
  4 centaur zombies
  A quasit (D:10)
  2 bullfrog zombies
  10 hounds
  8 jellies
  5 centaur skeletons
  30 orc priests
  5 bullfrog skeletons
  An iron imp (Abyss:3)
  32 orc wizards
  4 iguanas
  9 worker ants
  A killer bee zombie (D:10)
  A hound zombie (D:10)
  A hound skeleton (D:3)
  A worker ant zombie (D:6)
  Robin (D:4)
  20 gnolls
  A howler monkey skeleton (D:10)
  21 adders
  5 shadow imps
  24 white imps
  11 ufetubi
  2 oozes
  A worm (D:2)
  2 dart slugs (D:1)
  6 leopard geckos
  137 orcs
  8 ball pythons
  9 giant cockroaches
  4 hobgoblins (D:4)
  16 jackals
  5 quokkas
  A bat (D:1)
  2 frilled lizards (D:2)
  17 goblins
  A jackal skeleton (D:8)
  14 kobolds
  A leopard gecko zombie (D:4)
  12 rats
  A tentacle (Abyss:2)
1566 creatures vanquished.

Vanquished Creatures (collateral kills)
  A nagaraja (Snake:4)
  Louise (D:15)
  A vault guard (D:14)
  2 naga warriors (Snake:2)
  A shock serpent (Snake:2)
  A sea snake (Snake:4)
  3 black mambas (Snake:2)
  A naga mage (Snake:4)
  A guardian serpent (Snake:2)
  A kobold demonologist (D:14)
  A hippogriff (D:14)
  8 nagas
  An orc warrior (D:14)
  An ogre (D:14)
  An orc wizard (D:14)
25 creatures vanquished.

Vanquished Creatures (others)
  A deep elf mage (Elf:2)
  A naga mage (Snake:4)
  A bog body (Swamp:3)
  A starcursed mass (Abyss:3)
  A sky beast (D:12)
  A white imp (IceCv)
  6 ufetubi (IceCv)
  An orc (Orc:1)
  15 fungi
  34 plants
  2 starspawn tentacles (Abyss:3)
  A tentacle (Abyss:2)
  3 toadstools (D:2)
68 creatures vanquished.

Grand Total: 1659 creatures vanquished

Notes
Turn   | Place    | Note
-------+----------+-------------------------------------------
     0 | D:1      | Borgoz the Gargoyle Berserker began the quest for the Orb.
     0 | D:1      | Reached XP level 1. HP: 14/14 MP: 1/1
   206 | D:1      | Reached XP level 2. HP: 18/19 MP: 2/2
   494 | D:1      | Reached XP level 3. HP: 16/23 MP: 3/3
   718 | D:2      | Reached ** piety under Trog
   959 | D:2      | Found a shimmering blue altar of Sif Muna.
  1162 | D:2      | Reached XP level 4. HP: 28/29 MP: 4/4
  1170 | D:2      | Reached skill level 3 in Armour
  1382 | D:2      | Noticed Sigmund
  1394 | D:2      | Killed Sigmund
  1394 | D:2      | Reached XP level 5. HP: 34/34 MP: 5/5
  1394 | D:2      | Reached XP level 6. HP: 39/39 MP: 6/6
  1844 | D:3      | Reached skill level 4 in Armour
  2164 | D:3      | Found a glowing golden altar of the Shining One.
  2333 | D:3      | Found a shadowy altar of Dithmenos.
  2602 | D:4      | Reached skill level 5 in Fighting
  2655 | D:4      | Reached XP level 7. HP: 43/44 MP: 7/7
  2712 | D:4      | Found a staircase to the Ecumenical Temple.
  2726 | D:4      | Reached skill level 5 in Maces & Flails
  2771 | D:4      | Reached *** piety under Trog
  2807 | D:4      | Reached skill level 5 in Armour
  2935 | D:4      | Noticed Robin
  2944 | D:4      | Killed Robin
  3064 | D:4      | Found a white marble altar of Elyvilon.
  3105 | D:4      | Reached XP level 8. HP: 51/51 MP: 8/8
  3242 | D:4      | Found a radiant altar of Vehumet.
  3244 | D:4      | Found a sparkling altar of Nemelex Xobeh.
  3244 | D:4      | Found a shattered altar of Ashenzari.
  3246 | D:4      | Found an ornate altar of the Wu Jian Council.
  3246 | D:4      | Found a shimmering altar of Xom.
  3246 | D:4      | Found an ornate altar of the Wu Jian Council.
  3471 | D:5      | Entered Level 5 of the Dungeon
  3503 | D:5      | You fall into a shaft and drop 1 floor!
  4321 | D:6      | Found a hide-covered altar of Uskayaw.
  4844 | D:7      | Noticed Pikel
  4848 | D:7      | Noticed Prince Ribbit
  4849 | D:7      | Reached **** piety under Trog
  4879 | D:7      | Reached skill level 6 in Armour
  4970 | D:7      | Killed Pikel
  4970 | D:7      | Reached skill level 5 in Dodging
  4970 | D:7      | Reached XP level 9. HP: 32/57 MP: 9/9
  5197 | D:7      | Killed Prince Ribbit
  5334 | D:7      | Reached skill level 7 in Armour
  5347 | D:7      | Got a shimmering chain mail
  5358 | D:7      | Identified the +7 chain mail of Defence {-Tele Regen+ rCorr
                  | Str+8} (You found it on level 7 of the Dungeon)
  5852 | D:8      | Found Utangiej's Weapon Emporium.
  5977 | D:8      | Got a shimmering robe
  6050 | D:8      | Reached XP level 10. HP: 64/64 MP: 10/10
  6059 | D:8      | Reached skill level 8 in Armour
  6229 | D:8      | Reached ***** piety under Trog
  6389 | D:9      | Noticed Harold
  6406 | D:9      | Killed Harold
  6543 | D:9      | Found Pogytueg's Weapon Emporium.
  6543 | D:9      | Found Ritisel's Book Shoppe.
  6620 | D:9      | Found an ornate altar of the Wu Jian Council.
  6630 | D:9      | Received a gift from Trog
  6645 | D:9      | Found Jemunku's Armour Shoppe.
  6748 | D:9      | Noticed a two-headed ogre
  6760 | D:9      | Killed a two-headed ogre
  6760 | D:9      | Reached skill level 9 in Armour
  6858 | D:9      | Noticed Maurice
  6872 | D:9      | Killed Maurice
  6933 | D:9      | Noticed Erica
  6939 | D:9      | Killed Erica
  6939 | D:9      | Reached XP level 11. HP: 72/72 MP: 11/11
  7031 | D:9      | Found Aczafon's Gadget Emporium.
  7104 | D:10     | Entered Level 10 of the Dungeon
  7349 | D:10     | Reached skill level 10 in Fighting
  7401 | D:10     | Noticed a white ugly thing
  7402 | D:10     | Noticed a cyclops
  7550 | D:10     | Killed a white ugly thing
  7577 | D:10     | Killed a cyclops
  7577 | D:10     | Reached skill level 10 in Armour
  7858 | D:10     | Found a staircase to the Lair.
  7858 | D:10     | Noticed an unseen horror
  7876 | D:10     | Killed an unseen horror
  7986 | D:10     | Noticed a two-headed ogre
  7990 | D:10     | Killed a two-headed ogre
  7990 | D:10     | Reached skill level 10 in Maces & Flails
  8074 | D:10     | Found the +5 robe of Night {Dark MR+ SInv}
  8272 | D:11     | Noticed Nergalle
  8280 | D:11     | Killed Nergalle
  8280 | D:11     | Reached XP level 12. HP: 79/79 MP: 12/12
  8530 | D:11     | Found a staircase to the Orcish Mines.
  8618 | D:11     | Found a runed translucent door.
  8639 | D:11     | Reached ****** piety under Trog
  8650 | D:11     | Found a runed translucent door.
  8667 | D:11     | Found a runed translucent door.
  8667 | D:11     | Noticed an eight-headed hydra
  8668 | D:11     | Noticed a centaur warrior
  8675 | D:11     | Killed an eight-headed hydra
  8675 | D:11     | Reached skill level 11 in Armour
  8709 | D:11     | Found a runed translucent door.
  8790 | D:11     | Noticed Snorg
  8810 | D:11     | Killed Snorg
  8885 | D:11     | Noticed a five-headed hydra
  8890 | D:11     | Killed a five-headed hydra
  9197 | D:11     | Noticed Grum
  9208 | D:11     | Killed Grum
  9512 | D:11     | Killed a centaur warrior
  9752 | D:12     | Received a gift from Trog
  9964 | D:12     | Reached XP level 13. HP: 86/86 MP: 13/13
 10179 | D:12     | Reached skill level 12 in Armour
 10320 | D:12     | Identified a +1 pair of boots of running (You found it on
                  | level 12 of the Dungeon)
 10323 | D:12     | Noticed a minotaur
 10329 | D:12     | Killed a minotaur
 10346 | D:12     | Got a faintly humming ring mail
 10357 | D:12     | Identified the +1 ring mail of Qazlal's Regard {Int+7} (You
                  | found it on level 12 of the Dungeon)
 10377 | D:12     | Noticed a minotaur
 10394 | D:12     | Killed a minotaur
 11091 | D:13     | Noticed Urug
 11193 | D:13     | Found a gate leading to a gauntlet.
 11200 | Gauntlet | Entered a Gauntlet
 11200 | Gauntlet | Found a transporter.
 11200 | Gauntlet | Found a transporter.
 11204 | Gauntlet | Found a transporter.
 11204 | Gauntlet | Found a transporter.
 11208 | Gauntlet | Found a transporter.
 11208 | Gauntlet | Found a transporter.
 11306 | Gauntlet | Found a transporter.
 11309 | Gauntlet | Found a transporter.
 11321 | Gauntlet | Found a transporter.
 11400 | Gauntlet | Reached skill level 13 in Armour
 11407 | Gauntlet | Got a smoking kite shield
 11413 | Gauntlet | Identified the +4 kite shield of Piuch {+Fly rN+} (You
                  | found it in a Gauntlet)
 11427 | Gauntlet | Found a transporter.
 11431 | Gauntlet | Found a transporter.
 11467 | Gauntlet | Found a runed translucent door.
 11471 | Gauntlet | Found a runed translucent door.
 11472 | Gauntlet | Found a transporter.
 11493 | Gauntlet | Reached skill level 10 in Dodging
 11557 | Gauntlet | Got a serpentine lapis lazuli ring
 11578 | Gauntlet | Noticed a minotaur
 11596 | Gauntlet | Killed a minotaur
 11599 | Gauntlet | Identified the Almanac of Captivating Stones
 11656 | Gauntlet | Received a gift from Trog
 11713 | D:13     | Reached skill level 1 in Shields
 11753 | D:13     | Reached skill level 1 in Evocations
 11788 | D:13     | Gained mutation: Your large and strong wings let you fly
                  | indefinitely. [Gargoyle growth]
 11788 | D:13     | Reached XP level 14. HP: 59/94 MP: 10/14
 11813 | D:13     | Found Gomacw's Gadget Boutique.
 12039 | D:13     | Killed Urug
 12548 | D:14     | Found a gate to the Vaults.
 12763 | D:14     | Identified the ring of the Princess {MP+9 Str+5} (You found
                  | it in a Gauntlet)
 13573 | D:15     | Entered Level 15 of the Dungeon
 13600 | D:15     | Reached skill level 14 in Armour
 14029 | D:15     | Found a staircase to the Depths.
 14029 | D:15     | Noticed a dire elephant
 14049 | D:15     | Killed a dire elephant
 14260 | D:15     | Received a gift from Trog
 14421 | D:15     | Noticed Louise
 14435 | D:15     | Killed Louise
 14528 | D:15     | Reached XP level 15. HP: 66/99 MP: 15/15
 14825 | D:15     | Found a hide-covered altar of Uskayaw.
 15306 | Lair:1   | Entered Level 1 of the Lair of Beasts
 15605 | Lair:1   | Found a shimmering blue altar of Sif Muna.
 15793 | Lair:1   | Got a twitching crystal amulet
 16190 | Lair:2   | Reached skill level 5 in Shields
 16497 | Lair:2   | Received a gift from Trog
 16509 | Lair:2   | Found a staircase to the Snake Pit.
 17355 | Lair:1   | Identified the amulet "Xoonolica" {Faith rPois rN+++ Int-3
                  | Slay+2} (You found it on level 1 of the Lair of Beasts)
 17452 | Lair:3   | Reached skill level 15 in Armour
 17752 | Lair:3   | Found a staircase to the Swamp.
 18035 | Lair:3   | Received a gift from Trog
 18749 | Lair:4   | Reached skill level 5 in Evocations
 20214 | Lair:5   | Found a staircase to the Slime Pits.
 20888 | Lair:6   | Entered Level 6 of the Lair of Beasts
 20900 | Lair:6   | Reached XP level 16. HP: 85/106 MP: 16/16
 21266 | Lair:6   | Received a gift from Trog
 21381 | Lair:6   | Got an encrusted chain mail
 21403 | Lair:6   | Identified the +1 chain mail of Infinity {Str-3 Int+6} (You
                  | found it on level 6 of the Lair of Beasts)
 21679 | Lair:6   | Received a gift from Trog
 21702 | Lair:6   | Reached skill level 16 in Armour
 22089 | Lair:6   | Found a runed translucent gate.
 22089 | Lair:6   | Found a runed translucent gate.
 22090 | Lair:6   | Found a runed translucent gate.
 22091 | Lair:6   | Noticed Peppyet's ghost (journeyman GrBe)
 22091 | Lair:6   | Noticed Wecsuid's ghost (journeyman MiFi)
 22092 | Lair:6   | Noticed Wecsuid's ghost (journeyman MiFi)
 22092 | Lair:6   | Noticed Ynufiagy's ghost (journeyman MiBe)
 22171 | Lair:6   | Found a runed translucent door.
 22787 | Lair:6   | Killed Peppyet's ghost
 22803 | Lair:6   | Killed Ynufiagy's ghost
 22834 | Lair:6   | Killed Wecsuid's ghost
 22992 | Lair:6   | Killed Wecsuid's ghost
 23391 | Orc:1    | Entered Level 1 of the Orcish Mines
 23394 | Orc:1    | Reached skill level 15 in Maces & Flails
 23465 | Orc:1    | Received a gift from Trog
 23517 | Orc:1    | Found a frozen archway.
 23525 | IceCv    | Entered an ice cave
 24055 | IceCv    | Got a pair of ichor-stained gloves
 24070 | IceCv    | Identified the +2 pair of gloves "Gaunol" {*Drain rC+ MP+9
                  | Slay+3} (You found it in an ice cave)
 24583 | Orc:1    | Received a gift from Trog
 24908 | Orc:1    | Found Kessuw's Assorted Antiques.
 24917 | Orc:1    | Bought a scroll labeled SOSHRA YMOMELL for 29 gold pieces
 24957 | Orc:2    | Entered Level 2 of the Orcish Mines
 25184 | Orc:2    | Found Faupeom's Mayhem Merchandise.
 25281 | Orc:2    | Found a staircase to the Elven Halls.
 25452 | Orc:2    | Received a gift from Trog
 25523 | Orc:2    | Reached XP level 17. HP: 75/112 MP: 17/17
 25594 | Orc:2    | Bought the +6 shillelagh "Devastator" {shatter} for 900
                  | gold pieces
 25594 | Orc:2    | Found the +6 shillelagh "Devastator" {shatter}
 25772 | Orc:2    | Found Telitoat's Distillery.
 25772 | Orc:2    | Found Joafewur's General Store.
 25772 | Orc:2    | Found Paesul Moa's Antique Weapon Shoppe.
 25792 | Orc:2    | Found Joemut's Antique Armour Shop.
 26127 | Orc:2    | Bought a pair of runed gloves for 150 gold pieces
 26127 | Orc:2    | Bought a smoking plate armour for 560 gold pieces
 26127 | Orc:2    | Bought a shimmering scale mail for 180 gold pieces
 26130 | Orc:2    | Bought the +2 chain mail "Ahirghiul" {rC+ MR+ Dex-4 Stlth+}
                  | for 370 gold pieces
 26130 | Orc:2    | Bought a potion of mutation for 104 gold pieces
 26135 | Orc:2    | Bought a potion of heal wounds for 75 gold pieces
 26135 | Orc:2    | Bought a potion of heal wounds for 75 gold pieces
 26135 | Orc:2    | Bought a potion of haste for 150 gold pieces
 26135 | Orc:2    | Bought 2 potions of heal wounds for 150 gold pieces
 26366 | Lair:1   | Identified the cursed +1 scale mail of the Lost Path
                  | {*Contam +Blink rElec Str+4} (You bought it in a shop on
                  | level 2 of the Orcish Mines)
 26492 | Orc:1    | Bought a scroll of identify for 58 gold pieces
 26877 | Swamp:1  | Entered Level 1 of the Swamp
 26877 | Swamp:1  | Noticed Kirke
 26887 | Swamp:1  | Noticed a sphinx
 26891 | Swamp:1  | Killed Kirke
 26894 | Swamp:1  | Received a gift from Trog
 26894 | Swamp:1  | Reached skill level 15 in Fighting
 26899 | Swamp:1  | Reached skill level 1 in Stealth
 27028 | Swamp:1  | Got a steaming flail
 27079 | Swamp:1  | Identified the +3 flail of the Extremely Mad {speed, rC+++
                  | Int+5} (You found it on level 1 of the Swamp)
 27384 | Swamp:1  | Noticed Nikola
 27387 | Swamp:1  | You are sucked into a shaft and drop 1 floor!
 27393 | Swamp:2  | Reached skill level 17 in Armour
 28238 | Swamp:2  | Identified the +7 plate armour of Bad Feelings {*Slow
                  | Str+6} (You bought it in a shop on level 2 of the Orcish
                  | Mines)
 28245 | Swamp:2  | Gained mutation: [You are dopey. (Int -2)] [mutagenic glow]
 28333 | Swamp:1  | Received a gift from Trog
 28641 | Swamp:1  | Killed Nikola
 29440 | Orc:1    | Bought a shimmering great mace for 333 gold pieces
 29446 | Orc:1    | Identified the +7 great mace of Tomorrow {vorpal, *Rage rC+
                  | Dex+3} (You bought it in a shop on level 1 of the Orcish
                  | Mines)
 30308 | Swamp:3  | Received a gift from Trog
 30570 | Swamp:4  | Entered Level 4 of the Swamp
 30749 | Swamp:4  | Identified 3 scrolls of acquirement
 30753 | Swamp:4  | Acquired the +1 cloak of Squeaky Freedom {*Drain rPois rF+
                  | rN++}
 30755 | Swamp:4  | Acquired 1500 gold pieces
 30757 | Swamp:4  | Acquired a manual of Stealth
 30908 | Swamp:4  | Reached skill level 5 in Stealth
 30923 | Swamp:4  | Received a gift from Trog
 30934 | Swamp:4  | Reached XP level 18. HP: 120/120 MP: 18/18
 30996 | Swamp:4  | Got a warped mace {god gift}
 30997 | Swamp:4  | Identified the +8 mace "Jaqi" {flame, Int+7 Dex-2} (Trog
                  | gifted it to you on level 4 of the Swamp)
 31366 | Swamp:4  | Got a decaying rune of Zot
 31457 | Swamp:1  | Got a transparent demon blade {god gift}
 31458 | Swamp:1  | Identified the +3 demon blade "Giegoxext" {flame, Str-3
                  | SInv Stlth+} (Trog gifted it to you on level 1 of the
                  | Swamp)
 31658 | Snake:1  | Entered Level 1 of the Snake Pit
 31787 | Snake:1  | Acquired 2530 gold pieces
 32028 | Snake:1  | Found Huegeol's Antique Armour Boutique.
 32032 | Snake:1  | Found Ihekexelun's Gadget Shop.
 32033 | Snake:1  | Found Fyolusmi's Assorted Antiques.
 32036 | Snake:1  | Bought a pair of runed boots for 247 gold pieces
 32036 | Snake:1  | Bought a shiny buckler for 247 gold pieces
 32075 | Snake:1  | Bought a potion of haste for 300 gold pieces
 32075 | Snake:1  | Bought a notched brass ring for 150 gold pieces
 32075 | Snake:1  | Bought a potion of might for 120 gold pieces
 32075 | Snake:1  | Bought a potion of might for 120 gold pieces
 32210 | Snake:1  | You are sucked into a shaft and drop 1 floor!
 32653 | Snake:2  | Received a gift from Trog
 33110 | Snake:2  | Noticed Aizul
 33121 | Snake:2  | Killed Aizul
 33361 | Snake:3  | Noticed Jorgrun
 33371 | Snake:3  | Killed Jorgrun
 33545 | Snake:3  | Received a gift from Trog
 33746 | Snake:3  | Reached skill level 10 in Stealth
 33757 | Snake:3  | Reached skill level 18 in Armour
 34784 | Snake:4  | Entered Level 4 of the Snake Pit
 34810 | Snake:4  | Reached XP level 19. HP: 127/127 MP: 19/19
 34821 | Snake:4  | Received a gift from Trog
 36285 | Snake:4  | Found Neujyced's Book Emporium.
 36397 | Snake:4  | Received a gift from Trog
 36606 | Snake:4  | Got a serpentine rune of Zot
 37066 | Orc:1    | Bought a pitted scale mail for 261 gold pieces
 37066 | Orc:1    | Bought a glowing helmet for 217 gold pieces
 37091 | Orc:1    | Identified the +2 scale mail of the Iron Devil {rF+ rCorr
                  | Dex+4} (You bought it in a shop on level 1 of the Orcish
                  | Mines)
 37187 | Elf:1    | Entered Level 1 of the Elven Halls
 37287 | Elf:1    | Found Zuxewu's General Store.
 37696 | Elf:1    | Found Itasostro's Assorted Antiques.
 37704 | Elf:1    | Bought an ivory flail for 195 gold pieces
 37704 | Elf:1    | Bought a scroll of fear for 80 gold pieces
 37704 | Elf:1    | Bought a potion of heal wounds for 115 gold pieces
 37704 | Elf:1    | Bought a scroll of blinking for 172 gold pieces
 37704 | Elf:1    | Identified the cursed +1 flail of Chance {vorpal, rF+
                  | Int+2} (You bought it in a shop on level 1 of the Elven
                  | Halls)
 38028 | Elf:1    | Found a portal to a secret trove of treasure.
 38199 | Elf:1    | Received a gift from Trog
 38303 | Elf:3    | Entered Level 3 of the Elven Halls
 38336 | Elf:2    | Identified Roxanne's Compendium of Moulding
 38336 | Elf:2    | Noticed Roxanne
 38370 | Elf:2    | Killed Roxanne
 38370 | Elf:2    | Reached XP level 20. HP: 128/134 MP: 20/20
 38450 | Elf:2    | Found a runed translucent gate.
 38450 | Elf:2    | Found a runed translucent gate.
 38450 | Elf:2    | Found a runed translucent gate.
 38561 | Elf:2    | Reached skill level 15 in Dodging
 39294 | Elf:2    | Received a gift from Trog
 39307 | Elf:2    | Got a jewelled dagger {god gift}
 39308 | Elf:2    | Identified the +5 dagger "Henossyl" {flame, rF+ Int+4}
                  | (Trog gifted it to you on level 2 of the Elven Halls)
 39641 | Elf:3    | Cast into level 3 of the Abyss (+5 war axe of distortion)
 39824 | Abyss:3  | Paralysed by accursed screaming for 1 turns
 39890 | Abyss:3  | Gained mutation: [You are occasionally teleported next to
                  | monsters.] [a neqoxec]
 39930 | Abyss:3  | Paralysed by accursed screaming for 1 turns
 39962 | Abyss:3  | Paralysed by accursed screaming for 1 turns
 40402 | Abyss:3  | Received a gift from Trog
 40423 | Abyss:3  | Got a translucent mace {god gift}
 40426 | Elf:3    | Escaped the Abyss
 40430 | Elf:3    | HP: 5/136 [deep elf mage/bolt of cold (4)]
 40836 | Elf:2    | Identified the +11 mace of Buoq {antimagic, Int+4 Dex+4}
                  | (Trog gifted it to you on level 3 of the Abyss)
 41024 | Elf:3    | Cast into level 2 of the Abyss (a deep elf demonologist)
 41109 | Abyss:2  | HP: 1/95 [tentacle[a kraken] (10)]
 41111 | Abyss:2  | Slain by a tentacle

Illustrated notes

Levels and vault maps discovered:
D:1:      minmay_arrival_three_doors, layout_rooms
D:2:      layout_loops_ring, old_standard_altar, minmay_gold_behind_fungi,
          bh_walls_and_bars, uniq_sigmund
D:3:      layout_basic, tso_metal_star, nrook_campfire,
          grunt_dithmenos_smoke_and_mirrors
D:4:      layout_loops_ring, nicolae_overflow_crystal_walls,
          doesnt_xom_only_xom, minmay_temple_entry_slanted,
          minmay_manual_monstrance, uniq_robin
D:5:      layout_basic, kennysheep_donut
D:6:      layout_basic, lemuel_crystal_altar, minmay_misc_feat_five,
          kennysheep_generic_room_14
D:7:      layout_basic, uniq_pikel, uniq_prince_ribbit1
D:8:      layout_rooms, serial_shops, nicolae_shop_crystal
D:9:      layout_roguey, lemuel_crystal_altar, serial_shops, shop, shop,
          kennysheep_mini_moat, shop, uniq_erica, uniq_maurice, uniq_harold
D:10:     lemuel_upstairs_altar, layout_rooms, david_lair_generic,
          minmay_the_grid_2x2 [minmay_the_grid_all_tris,
          minmay_the_grid_gridbox, minmay_the_grid_box_x,
          minmay_the_grid_prize_trominoes]
D:11:     layout_stronghold, david_orc_2, minmay_statue_crystal_thing,
          uniq_nergalle, uniq_grum, uniq_snorg
D:12:     fort_yaktaur, layout_irregular_city, chequers_garden
D:13:     layout_rooms, gauntlet_entry_generic, serial_shops,
          kennysheep_little_box, chequers_serial_rivers_large_a, uniq_urug
D:14:     layout_stronghold, lightli_vaults_fourway_checkpoint, fountainhead
D:15:     hangedman_depths_entry_try_elsewhere_first, layout_loops_cross,
          basic_altar, minivault_27, uniq_louise
Lair:1:   layout_gridlike, basic_altar
Lair:2:   beast_lair_carwin_large_2, layout_concentric_octagons,
          minmay_snake_entry_six_corridors, infiniplex_staircase_pool_2,
          grunt_megastairs_3
Lair:3:   layout_gridlike, palyth_hydra_swamp_entry, grunt_megastairs_5
Lair:4:   layout_layer_cave, st_stairs_4
Lair:5:   layout_cave_shapes, minmay_slime_entry_oklob_open
Lair:6:   hangedman_lair_caniforms_friends, layout_cave_shapes, wormcave,
          gammafunk_ghost_cemetery
Swamp:1:  layout_basic_swamp, nicolae_swamp_triple_paths, swamp_pool2,
          hangedman_swamp_muck, uniq_kirke, uniq_nikola
Swamp:2:  layout_basic_swamp, evilmike_swamp_ruin_house_1
Swamp:3:  layout_falls_marsh, evilmike_swamp_ruin_house_4,
          hangedman_swamp_ravenous
Swamp:4:  swamp, layout_basic_swamp, swamp_pool5
Snake:1:  layout_onion_interference, minmay_shop_star
Snake:2:  layout_cave_town, uniq_aizul
Snake:3:  layout_gridlike, minmay_snake_pond, uniq_jorgrun
Snake:4:  grunt_snake_rune_pools, layout_onion, serial_shops,
          nicolae_shop_stone, nicolae_snake_single_loop
Orc:1:    layout_diamond_mine, portal_ice_cave_entry_imps, serial_shops,
          shop_statue
Orc:2:    st_orc_rangers, layout_caves, minmay_shop_mayhem
Elf:1:    elf_arrival_002, layout_onion_city, enter_trove_6, serial_shops,
          shop_fountains, nicolae_shop_crystal,
          hangedman_elven_crosses_minicolossus
Elf:2:    layout_rooms, minmay_elf_sorcery, uniq_roxanne
Elf:3:    minmay_elf_hall_statues, layout_loops_corners, special_room
          [special_room_mythical_zoo], serial_shops, nicolae_shop_crystal
Abyss:2:  base: Vaults:5, evilmike_abyss_exit_kraken, evilmike_abyss_exit_kraken

Skill      XL: |  1  2  3  4  5  6  7  8  9 10 11 12 13 14 15 16 17 18 19 20 |
---------------+-------------------------------------------------------------+-----
Dodging        | 2 3 5 7 8 9 10 11 12 13 14 15 | 15.3
Armour         | 3 4 5 6 7 9 10 11 13 14 15 16 17 18 | 18.5
Fighting       | 4 5 7 8 9 10 12 13 14 15 16 17 | 17.8
Maces & Flails | 4 5 6 7 8 10 11 12 13 14 15 16 17 | 17.8
Shields        | 1 4 5 6 7 8 9 |  9.0
Evocations     | 1 3 5 |  5.0
Stealth        | 5 10 13 14 | 14.9

Action                   |  1- 3 |  4- 6 |  7- 9 | 10-12 | 13-15 | 16-18 | 19-21 || total
-------------------------+-------+-------+-------+-------+-------+-------+-------++-------
Melee: Mace              |   136 |   157 |    40 |       |       |       |    49 ||   382
       Flail             |       |       |   354 |       |       |       |       ||   354
       Morningstar       |       |       |    15 |   666 |   229 |       |       ||   910
       Demon whip        |       |       |       |       |   967 |       |       ||   967
       Dire flail        |       |       |       |       |   264 |   823 |       ||  1087
       Shillelagh        |       |       |       |       |       |   275 |       ||   275
       Great mace        |       |       |       |       |       |   557 |   688 ||  1245
Throw: Throwing net      |       |       |     1 |     5 |       |       |       ||     6
Invok: Berserk           |       |     1 |     4 |     9 |     7 |    10 |     4 ||    35
       Trog's Hand       |       |       |     3 |     3 |     1 |     8 |     5 ||    20
       Brothers in Arms  |       |       |       |       |     2 |     3 |     1 ||     6
 Abil: Evoke Flight      |       |       |       |       |     1 |       |       ||     1
       Fly               |       |       |       |       |     1 |       |       ||     1
Evoke: Wand              |       |       |     4 |     3 |       |     2 |       ||     9
  Use: Scroll            |     3 |     3 |     2 |     7 |    15 |    16 |     6 ||    52
       Potion            |       |       |     2 |     3 |     1 |     3 |     5 ||    14
 Stab: Invisible         |       |       |       |     1 |       |     1 |       ||     2
       Paralysed         |       |       |       |     2 |       |       |       ||     2
       Held in net/web   |       |       |       |     1 |       |       |       ||     1
       Confused          |       |       |       |       |       |     1 |       ||     1
       Sleeping          |       |       |       |       |       |       |     6 ||     6
       Distracted        |       |       |       |       |       |       |     3 ||     3
Armor: Animal skin       |    29 |       |       |       |       |       |       ||    29
       Chain mail        |    36 |       |    91 |   585 |    56 |     1 |       ||   769
       Scale mail        |     5 |    94 |   214 |       |       |    60 |   205 ||   578
       Skin              |       |       |       |    14 |       |       |       ||    14
       Plate armour      |       |       |       |       |   720 |  1143 |   337 ||  2200
Dodge: Dodged            |    84 |   110 |   299 |   684 |   522 |  1531 |   790 ||  4020
Block: Kite shield       |       |       |       |       |   533 |       |       ||   533
       Buckler           |       |       |       |       |       |    52 |    68 ||   120
       Other             |       |       |       |       |       |       |    57 ||    57
       Reflection        |       |       |       |       |       |       |    10 ||    10

Table legend: (Time is in decaauts)
 A = Elapsed time spent in this place.
 B = Non-inter-level travel time spent in this place.
 C = Inter-level travel time spent in this place.
 D = Time resting spent in this place.
 E = Time spent auto-exploring this place.
 F = Levels seen in this place.
 G = Mean time per level.
                   A        B        C        D        E       F      G
               +--------+--------+--------+--------+--------+-----+--------+
         Total |  39047 |  35656 |   3391 |   5546 |  21033 |  38 | 1027.6 |
       Dungeon |  15050 |  13696 |   1354 |   1569 |   8337 |  15 | 1003.3 |
          Lair |   7868 |   6915 |    953 |    691 |   4908 |   6 | 1311.3 |
         Swamp |   3958 |   3693 |    265 |    422 |   2539 |   4 |  989.5 |
     Snake Pit |   5016 |   4774 |    242 |    929 |   2691 |   4 | 1254.0 |
  Orcish Mines |   1916 |   1447 |    469 |    159 |    801 |   2 |  958.0 |
   Elven Halls |   2920 |   2814 |    106 |    834 |   1315 |   3 |  973.3 |
         Abyss |    875 |    875 |      0 |    379 |    129 |   2 |  437.5 |
      Ice Cave |    987 |    987 |      0 |    559 |    181 |   1 |  987.0 |
      Gauntlet |    455 |    455 |      0 |      0 |    129 |   1 |  455.0 |
               +--------+--------+--------+--------+--------+-----+--------+

Top non-repeatable levels by time:
  Lair:6: 2094 daAuts
 Snake:4: 1953 daAuts
    D:11: 1716 daAuts
   Elf:2: 1620 daAuts
    D:12: 1384 daAuts
 Snake:3: 1334 daAuts
  Lair:3: 1325 daAuts
    D:15: 1255 daAuts
 Swamp:2: 1234 daAuts
     D:9: 1195 daAuts
   Orc:2: 1192 daAuts
  Lair:4: 1176 daAuts
     D:2: 1165 daAuts
    D:10: 1161 daAuts
  Lair:1: 1124 daAuts
